 Dungeon Crawl Stone Soup version 0.28.0-53-g5a82cb258f (webtiles) character file.

Game seed: 17186503978999446295

223 Sin92 the Shield-Bearer (level 5, 0/47 HPs)
             Began as a Minotaur Fighter on June 5, 2022.
             Slain by an orc
             ... wielding a +0 whip
              (2 damage)
             ... on level 3 of the Dungeon.
             The game lasted 00:02:00 (2025 turns).

Sin92 the Shield-Bearer (Minotaur Fighter)          Turns: 2025, Time: 00:02:00

Health: 0/47       AC:  7    Str: 21    XL:     5   Next: 66%
Magic:  4/4        EV: 10    Int:  5    God:
Gold:   106        SH:  5    Dex: 17    Spells: 4/4 levels left

rFire   . . .      SeeInvis .   n - +4 whip
rCold   . . .      Faith    .   c - +0 buckler
rNeg    + . .      Spirit   .   b - +0 scale mail
rPois   .          Reflect  .   (helmet restricted)
rElec   .          Harm     .   (no cloak)
rCorr   .          Rampage  .   (no gloves)
Will    .....                   (no boots)
Stlth   ..........              (no amulet)
HPRegen 0.15/turn               m - +6 ring of dexterity
MPRegen 0.09/turn               g - ring of positive energy

@: mighty
A: horns 2, retaliatory headbutt
a: no special abilities


You were on level 3 of the Dungeon.
You visited 1 branch of the dungeon, and saw 3 of its levels.

You collected 106 gold pieces.

Inventory:

Hand Weapons
 a - a +0 war axe
 n - a +4 whip (weapon)
Armour
 b - a +0 scale mail (worn)
 c - a +0 buckler (worn)
Jewellery
 g - a ring of positive energy (right hand)
 m - a +6 ring of dexterity (left hand)
Wands
 l - a wand of acid (8)
Scrolls
 e - 6 scrolls of amnesia
 h - a scroll of enchant armour {unknown}
Potions
 i - a potion of haste {unknown}
 j - a potion of lignification {unknown}


   Skills:
 + Level 4.6 Fighting
 - Level 3.2(3.6) Axes
 * Level 2.5(3.3) Maces & Flails
 + Level 4.5 Armour
 + Level 2.3 Dodging
 + Level 4.7 Shields


You had 4 spell levels left.
You didn't know any spells.
Your spell library contained the following spells:

 Spells                   Type           Power      Damage    Failure   Level
 Foxfire                  Conj/Fire      0%         2x1d4     88%         1
 Corpse Rot               Necr/Air       0%         N/A       95%         2
 Poisonous Vapours        Pois/Air       0%         N/A       95%         2
 Conjure Flame            Conj/Fire      0%         6-21      99%         3
 Inner Flame              Hex/Fire       0%         N/A       99%         3
 Cause Fear               Hex            0%         N/A       100%        4
 Flame Wave               Conj/Fire      0%         2d4       100%        4
 Dragon Form              Tmut           0%         N/A       100%        7
 Dragon's Call            Summ           0%         N/A       100%        9


Dungeon Overview and Level Annotations

Branches:
Dungeon (3/15)

Altars:


Innate Abilities, Weirdness & Mutations

You have a pair of horns on your head.
You reflexively headbutt those who attack you in melee.


Message History

The orc hits you with a +0 flail. The orc hits you but does no damage.
The steam dragon bites you! The steam dragon barely misses you.
You whack the steam dragon!
The steam dragon is moderately wounded.
The orc hits you with a +0 flail.
* * * LOW HITPOINT WARNING * * *
The orc hits you but does no damage. The steam dragon closely misses you.
You furiously retaliate!
You headbutt the steam dragon!! The steam dragon closely misses you.
You barely miss the steam dragon.
The steam dragon is almost dead.
The orc barely misses you. x2
The steam dragon bites you but does no damage.
The steam dragon claws you but does no damage.
Unknown command.
You closely miss the steam dragon.
The steam dragon is almost dead.
The orc barely misses you. The orc closely misses you.
The steam dragon bites you.
* * * LOW HITPOINT WARNING * * *
The steam dragon claws you.
* * * LOW HITPOINT WARNING * * *
You whack the steam dragon!
You kill the steam dragon!
You block the orc's attack. x2
Your base Maces & Flails skill increases to level 2!
Your Dodging skill increases to level 2!
You have reached level 5!
You barely miss the orc.
The orc is heavily wounded.
The orc hits you with a +0 flail.
* * * LOW HITPOINT WARNING * * *
The orc hits you with a +0 whip.
* * * LOW HITPOINT WARNING * * *
Unknown command.
You whack the orc!
You kill the orc!
A hobgoblin comes into view.
The orc hits you with a +0 whip.
You die...

#.##.####
..<.....#
#.......#
g.......#
........#
........#
......)o#
#.....)@##
####..).)#
#.###.# ..
.# #. ## #


You could see an orc and a hobgoblin (wandering).

Vanquished Creatures
  A steam dragon (D:3)
  An orc priest (D:3)
  An adder (D:2)
  A worm (D:2)
  4 dart slugs
  2 orcs (D:3)
  7 ball pythons
  4 bats (D:1)
  4 endoplasms
  A giant cockroach (D:2)
  6 goblins
  5 hobgoblins
  3 kobolds
  A frilled lizard (D:1)
  3 rats (D:2)
44 creatures vanquished.

Notes
Turn   | Place    | Note
-------+----------+-------------------------------------------
     0 | D:1      | Sin92 the Minotaur Fighter began the quest for the Orb.
     0 | D:1      | Reached XP level 1. HP: 19/19 MP: 0/0
   143 | D:1      | Found a faded altar of an unknown god.
   148 | D:1      | Reached XP level 2. HP: 27/27 MP: 1/1
   547 | D:1      | Reached skill level 1 in Dodging
   833 | D:1      | Reached XP level 3. HP: 33/33 MP: 2/2
  1885 | D:2      | Identified the +1 ring mail "Itayrch" {rC+}
  2013 | D:3      | Noticed a steam dragon
  2014 | D:3      | Reached XP level 4. HP: 34/40 MP: 3/3
  2016 | D:3      | Reached skill level 1 in Maces & Flails
  2017 | D:3      | HP: 1/40 [orc/+0 flail (3)]
  2023 | D:3      | Killed a steam dragon
  2024 | D:3      | Reached XP level 5. HP: 6/47 MP: 4/4
  2024 | D:3      | HP: 2/47 [orc/+0 whip (2)]
  2025 | D:3      | Slain by an orc

Illustrated notes

Levels and vault maps discovered:
D:1:      lightli_arrival_statue_moat, layout_basic, serial_forest,
          infiniplex_forest_straight_2, infiniplex_forest_lined_room_,
          infiniplex_forest_end_2, infiniplex_forest_lined_1,
          chequers_ecumenical_altar_simple
D:2:      layout_basic, serial_rivers, chequers_serial_rivers_small_b,
          chequers_serial_rivers_marsh, chequers_serial_rivers_micro_e,
          chequers_serial_rivers_micro_c, chequers_serial_rivers_micro_e
D:3:      layout_basic, elyvilon_altar_5, minmay_quantized

Skill      XL: |  1  2  3  4 |
---------------+-------------+-----
Dodging        | 1 2 |  2.3
Fighting       | 4 |  4.6
Armour         | 4 |  4.5
Shields        | 4 |  4.7
Axes           | 3 |  3.2
Maces & Flails | 2 |  2.5

Action                   |  1- 3 |  4- 6 || total
-------------------------+-------+-------++-------
Melee: War axe           |    80 |       ||    80
       Headbutt          |    16 |       ||    16
       Whip              |     7 |     9 ||    16
  Use: Scroll            |     1 |       ||     1
       Potion            |       |     3 ||     3
Armor: Scale mail        |    38 |     9 ||    47
Dodge: Dodged            |    49 |    10 ||    59
Block: Buckler           |    20 |     5 ||    25
